 Seeded DCSS version 0.28-a0-691-gad6df49e81 (webtiles) character file.

Game seed: 20211021 (custom seed)

44012 a11behringer the Bludgeoner (level 13, -10/113 HPs)
             Began as a Palentonga Berserker on Oct 21, 2021.
             Was an Elder of Trog.
             Killed from afar by Azrael (21 damage)
             ... with damnation
             ... on level 14 of the Dungeon.
             The game lasted 01:21:05 (18177 turns).

a11behringer the Bludgeoner (Palentonga Berserker) Turns: 18177, Time: 01:21:06

Health: -10/113    AC: 40    Str: 36    XL:     13   Next: 93%
Magic:  13/13      EV:  6    Int:  8    God:    Trog [****..]
Gold:   1269       SH:  5    Dex: 11    Spells: 12/12 levels left

rFire   . . .      SeeInvis +   G - +2 dire flail (protect)
rCold   + . .      Faith    .   (shield currently unavailable)
rNeg    . . .      Spirit   .   h - +3 plate armour {rC+}
rPois   .          Reflect  +   b - +0 helmet
rElec   .          Harm     .   o - scarf {repulsion}
rCorr   .          Rampage  .   q - +0 pair of gloves
Will    ++...                   i - +2 barding
Stlth   ..........              c - amulet of reflection
HPRegen 1.28/turn               p - +6 ring of strength
MPRegen 0.13/turn               Z - +6 ring of strength

@: about to teleport, strong-willed, under a protective aura, on berserk
cooldown, regenerating, studying Bows, repel missiles, curled up
A: large, rugged brown scales 3, see invisible, deformed body, roll 1, armoured
tail, reflexive curl
a: Rolling Charge, Renounce Religion, Berserk, Trog's Hand, Brothers in Arms


You were on level 14 of the Dungeon.
You worshipped Trog.
Trog was greatly pleased with you.
You visited 1 branch of the dungeon, and saw 15 of its levels.
You also visited: Bailey.

You collected 1696 gold pieces.
You spent 427 gold pieces at shops.

Inventory:

Hand Weapons
 G - a +2 dire flail of protection (weapon)
 S - a +1 great mace of holy wrath
Armour
 a - a +1 buckler of protection
 b - a +0 helmet (worn)
 d - a +0 cloak
 f - +0 fire dragon scales
 h - a +3 plate armour of cold resistance (worn)
 i - a +2 barding (worn)
 k - a +4 ring mail of fire resistance
 m - a +0 kite shield
 o - a scarf of repulsion (worn)
 q - a +0 pair of gloves (worn)
 B - the +3 hat of Pondering {ponderous, Will+ MP+10 Int+5}
   (You took it off Gastronok on level 12 of the Dungeon)

   Int:       It affects your intelligence (+5).
   MP:        It affects your magic capacity (+10).
   Will:      It increases your willpower.
 T - a +0 troll leather armour
 V - a +0 tower shield
Jewellery
 c - an amulet of reflection (around neck)
 p - a +6 ring of strength (left hand)
 P - a ring of flight
 R - an amulet of the acrobat
 X - an amulet of guardian spirit
 Z - a +6 ring of strength (right hand)
Wands
 y - a wand of mindburst (14)
 A - a wand of acid (11)
 H - a wand of charming (15)
 J - a wand of polymorph (6)
 N - a wand of flame (36) (quivered)
 O - a wand of iceblast (15)
 U - a wand of digging (1)
Scrolls
 e - 2 scrolls of teleportation
 n - a scroll of identify
 s - 8 scrolls of enchant weapon
 x - 2 scrolls of fear
 E - 3 scrolls of enchant armour
 L - a scroll of magic mapping
Potions
 g - 3 potions of attraction
 j - 7 potions of lignification
 l - 4 potions of haste
 r - 2 potions of cancellation
 t - a potion of ambrosia
 u - 2 potions of mutation
 v - a potion of resistance {unknown}
 z - 4 potions of curing
 D - 2 potions of berserk rage
 Q - 5 potions of flight


   Skills:
 + Level 11.4 Fighting
 + Level 15.9 Maces & Flails
 - Level 0.7 Bows
 + Level 10.4 Armour
 + Level 4.6 Dodging
 - Level 1.0 Shields
 * Level 7.1 Evocations


You had 12 spell levels left.
You didn't know any spells.
Your spell library was empty.

Dungeon Overview and Level Annotations

Branches:
Dungeon (15/15)            Temple (0/1) D:6            Lair (0/6) D:8
    Orc (0/2) D:12         Vaults (0/5) D:14         Bailey (visited)
 Depths: D:15

Altars:
Cheibriados
Elyvilon
Fedhas
Makhleb
Okawaru
Qazlal
Ru
Sif Muna
Vehumet
Xom
Yredelemnul
The Shining One

Shops:
D:1 ?   D:7 =

Annotations:
D:13 1 runed translucent door, fomalhaut's ghost, journeyman DrCj
D:14 2 transporters, 1 runed translucent door, Azrael; Hypnoxylon's ghost, journeyman TrFi


Innate Abilities, Weirdness & Mutations

You are completely covered in rugged brown scales. (AC +3, +7% HP)
You have supernaturally acute eyesight. (SInv)
Armour fits poorly on your strangely shaped body.
You can roll at nearby foes to attack.
You have a long armoured tail.
You curl defensively after being hit.


Message History

You hit the deep elf pyromancer.
Your tail-slap misses the deep elf pyromancer.
The deep elf pyromancer is heavily wounded.
Azrael hits you but does no damage.
The deep elf pyromancer hits you but does no damage.
You barely miss the deep elf pyromancer.
Your tail-slap misses the deep elf pyromancer.
The deep elf pyromancer is heavily wounded.
You closely miss the deep elf pyromancer.
Your tail-slap misses the deep elf pyromancer.
The deep elf pyromancer is heavily wounded.
The deep elf pyromancer hits you but does no damage.
Azrael barely misses you.
You closely miss the deep elf pyromancer.
You tail-slap the deep elf pyromancer!
The deep elf pyromancer is severely wounded.
Your skin stops crawling.
You feel less strong-willed. You block Azrael's attack.
The deep elf pyromancer hits you but does no damage.
You bludgeon the deep elf pyromancer!!
You kill the deep elf pyromancer!
Trog accepts your kill.
Trog appreciates your killing of a magic user.
Azrael hits you with a +0 scimitar of flaming.
* * * LOW HITPOINT WARNING * * *
Azrael burns you.
* * * LOW HITPOINT WARNING * * *
Things that are here:
a +0 dagger; an elf corpse Your skin crawls.
You feel strong-willed.
Azrael hits you with a +0 scimitar of flaming.
* * * LOW HITPOINT WARNING * * *
Azrael burns you.
* * * LOW HITPOINT WARNING * * *
As you read the scroll of teleportation, it crumbles to dust.
You feel strangely unstable. Azrael gestures at you.
The sphere of damnation explodes!
The damnation engulfs you!!
You die...

#........).# ###......
##.........# ###....
#........## ##...
#.......######### ##..
#.)....##.......#######
###
#......#.♣#####♣.#....##
#
##.....#.##...##.#.....#
#....##.#.♣○♣.#.#.##..#
##....#.'@R>..#...###.##
#....#.#.♣.♣.#.### #..#
##..##.##...##.# #..#
#...##.♣#####♣.# #..#
#..(###.......## #..###
#....########## #.....
#.....## #.....
##......## #####.
#...###..## ##


You could see Azrael.

Vanquished Creatures
  Rupert (D:12)
  Gastronok (D:12)
  An ettin (D:15)
  A fire dragon (D:13)
  4 boulder beetles
  2 hydras
  5 vault guards (D:14)
  A death knight (D:9)
  4 centaur warriors
  2 two-headed ogres
  A deep elf knight (D:14)
  A necromancer (D:15)
  A wizard (D:14)
  4 orc knights
  4 deep elf pyromancers (D:14)
  10 ugly things
  2 orc sorcerers
  A cyclops (D:13)
  5 manticores
  A black mamba (shapeshifter) (D:15)
  A guardian serpent (shapeshifter) (D:9)
  A gargoyle (D:10)
  2 kobold demonologists (D:14)
  The ghost of Figureslego113 the Magician, a novice DjFE of Ru (D:5)
  A freezing wraith (D:12)
  2 tengu conjurers (D:13)
  2 komodo dragons
  6 trolls
  4 slime creatures
  Grinder (D:6)
  Sigmund (D:2)
  2 shadows (D:11)
  2 wyverns
  3 wraiths
  14 yaks
  2 basilisks
  2 fire elementals (D:15)
  A human (D:14)
  2 steam dragons
  5 vampire mosquitoes
  Edmund (D:5)
  3 hell hounds (D:15)
  An acid dragon (D:9)
  2 water moccasins
  10 orc warriors
  An ice beast (D:6)
  A black bear (D:6)
  A necrophage (D:8)
  4 ogres (D:4)
  7 centaurs
  3 phantoms (D:4)
  Blork the orc (D:5)
  4 kobold brigands
  3 bullfrogs
  A gnoll sergeant (D:9)
  3 scorpions
  23 killer bees
  A troll zombie (D:12)
  4 wights
  An electric eel (D:9)
  2 bullfrog zombies (D:6)
  3 centaur zombies (D:9)
  4 hounds
  3 jellies
  A centaur skeleton (D:7)
  2 gnoll shamans
  6 orc priests
  2 iguanas
  Ijyb (D:5)
  15 orc wizards
  A human simulacrum (D:10)
  A howler monkey zombie (D:9)
  7 gnolls
  11 adders
  4 shadow imps
  3 white imps
  An ufetubus (D:6)
  An adder skeleton (D:4)
  4 worms
  A dart slug (D:13)
  26 orcs
  7 ball pythons
  5 bats
  3 endoplasms
  3 giant cockroaches
  13 goblins
  8 hobgoblins
  4 jackals
  28 kobolds
  2 quokkas (D:4)
  5 frilled lizards
  A hobgoblin zombie (D:12)
  2 orc skeletons (D:12)
  3 orc zombies (D:12)
  A quokka skeleton (D:4)
  5 rats
371 creatures vanquished.

Vanquished Creatures (collateral kills)
  Sonja (D:12)
  3 shadows (D:12)
  2 centaurs (D:13)
  A troll zombie (D:12)
  An orc priest (D:12)
  4 ogre zombies (D:12)
  A goblin zombie (D:12)
  A hobgoblin skeleton (D:12)
  2 hobgoblin zombies (D:12)
  3 orc skeletons (D:12)
  6 orc zombies (D:12)
25 creatures vanquished.

Vanquished Creatures (others)
  An orc wizard (D:13)
  A human simulacrum (D:10)
  23 plants (D:2)
  2 withered plants (D:13)
27 creatures vanquished.

Grand Total: 423 creatures vanquished

Notes
Turn   | Place    | Note
-------+----------+-------------------------------------------
     0 | D:1      | a11behringer the Palentonga Berserker began the quest for
                  | the Orb.
     0 | D:1      | Reached XP level 1. HP: 19/19 MP: 1/1
   251 | D:1      | Reached XP level 2. HP: 25/25 MP: 2/2
   333 | D:1      | Found Gecead's Magic Scroll Emporium.
   517 | D:2      | Found a faded altar of an unknown god.
   518 | D:2      | Noticed Sigmund
   829 | D:2      | Killed Sigmund
   830 | D:2      | Reached skill level 5 in Maces & Flails
   830 | D:2      | Reached XP level 3. HP: 32/32 MP: 3/3
   830 | D:2      | Reached XP level 4. HP: 39/39 MP: 4/4
   830 | D:2      | Reached XP level 5. HP: 44/44 MP: 5/5
  1249 | D:2      | Reached ** piety under Trog
  1766 | D:3      | Found a white marble altar of Elyvilon.
  1774 | D:3      | Found a transporter.
  1869 | D:3      | Found a transporter.
  2036 | D:3      | Found a blossoming altar of Fedhas.
  2318 | D:4      | Noticed a phantom
  2341 | D:4      | Killed a phantom
  2342 | D:4      | Reached skill level 1 in Shields
  2342 | D:4      | Reached XP level 6. HP: 33/51 MP: 6/6
  2567 | D:4      | Reached skill level 6 in Maces & Flails
  2666 | D:4      | Gained mutation: You curl defensively after being hit.
                  | [Palentonga growth]
  2666 | D:4      | Reached XP level 7. HP: 57/57 MP: 7/7
  3025 | D:1      | Bought a scroll of fear for 38 gold pieces
  3025 | D:1      | Bought a scroll of enchant weapon for 82 gold pieces
  3025 | D:1      | Bought a scroll of teleportation for 33 gold pieces
  3025 | D:1      | Bought a scroll of enchant armour for 82 gold pieces
  3126 | D:4      | Reached skill level 7 in Maces & Flails
  3317 | D:4      | Reached *** piety under Trog
  3365 | D:4      | Reached XP level 8. HP: 65/65 MP: 8/8
  3428 | D:5      | Entered Level 5 of the Dungeon
  3460 | D:5      | Found a runed translucent door.
  3461 | D:5      | Noticed Figureslego113's ghost (novice DjFE)
  3471 | D:5      | Noticed Ijyb
  3480 | D:5      | Reached skill level 8 in Maces & Flails
  3490 | D:5      | Killed Ijyb
  3649 | D:5      | Found a shimmering altar of Xom.
  3652 | D:5      | Found a glowing golden altar of the Shining One.
  3725 | D:5      | Found a stormy altar of Qazlal.
  3727 | D:5      | Noticed an air elemental
  3857 | D:5      | Found a basalt altar of Yredelemnul.
  4081 | D:5      | Noticed Edmund
  4101 | D:5      | Killed Edmund
  4624 | D:5      | Noticed Blork the orc
  4638 | D:5      | Killed Blork the orc
  4639 | D:5      | Reached skill level 9 in Maces & Flails
  4641 | D:5      | Found a shimmering blue altar of Sif Muna.
  5006 | D:6      | Reached skill level 5 in Fighting
  5292 | D:6      | Found a radiant altar of Vehumet.
  5293 | D:6      | Noticed Grinder
  5302 | D:6      | Killed Grinder
  5303 | D:6      | Reached XP level 9. HP: 72/72 MP: 9/9
  5374 | D:6      | Reached skill level 10 in Maces & Flails
  5521 | D:6      | Found a staircase to the Ecumenical Temple.
  5973 | D:7      | Found Adudemab's Jewellery Boutique.
  5981 | D:7      | Bought a ring of flight for 192 gold pieces
  6429 | D:5      | Killed Figureslego113's ghost
  6883 | D:7      | Reached skill level 11 in Maces & Flails
  7363 | D:8      | Reached skill level 5 in Armour
  7488 | D:8      | Reached **** piety under Trog
  7540 | D:8      | Found a burning altar of Makhleb.
  7727 | D:8      | Reached XP level 10. HP: 57/81 MP: 10/10
  8038 | D:8      | Found a staircase to the Lair.
  8139 | D:9      | Noticed a red ugly thing
  8429 | D:9      | Reached skill level 12 in Maces & Flails
  8478 | D:9      | Noticed a centaur warrior
  8484 | D:9      | Killed a centaur warrior
  8520 | D:9      | Reached skill level 13 in Maces & Flails
  8676 | D:9      | Killed a red ugly thing
  8842 | D:9      | Noticed a death knight
  8848 | D:9      | Noticed a guardian serpent
  8850 | D:9      | Noticed a boulder beetle
  8851 | D:9      | Killed a death knight
  8852 | D:9      | Reached XP level 11. HP: 68/89 MP: 11/11
  8861 | D:9      | Killed a boulder beetle
  8862 | D:9      | Reached skill level 14 in Maces & Flails
  9229 | D:9      | Noticed a two-headed ogre
  9236 | D:9      | Killed a two-headed ogre
  9246 | D:9      | Identified the +4 trident of the Last Visionaries {vorpal,
                  | Dex+5}
  9632 | D:9      | Reached skill level 1 in Evocations
  9729 | D:10     | Entered Level 10 of the Dungeon
  9826 | D:10     | Found an iron altar of Okawaru.
 10058 | D:10     | Noticed a two-headed ogre
 10076 | D:10     | Killed a two-headed ogre
 10848 | D:11     | Found a flagged portal.
 10861 | Bailey   | Entered a bailey
 10886 | Bailey   | Noticed an orc knight
 10891 | Bailey   | Noticed an orc knight
 10921 | Bailey   | Killed an orc knight
 10974 | Bailey   | Noticed an orc knight
 10981 | Bailey   | Killed an orc knight
 10989 | Bailey   | Killed an orc knight
 11536 | D:11     | Reached XP level 12. HP: 41/100 MP: 12/12
 12119 | D:11     | Found a sacrificial altar of Ru.
 12319 | D:12     | Noticed Gastronok
 12328 | D:12     | Killed Gastronok
 12354 | D:12     | Noticed Sonja
 12367 | D:12     | Killed Sonja
 12886 | D:12     | Found a staircase to the Orcish Mines.
 13321 | D:12     | Noticed Rupert
 13335 | D:12     | Killed Rupert
 13336 | D:12     | Reached skill level 15 in Maces & Flails
 13666 | D:13     | Noticed a boulder beetle
 13680 | D:13     | Killed a boulder beetle
 13787 | D:13     | Reached skill level 5 in Evocations
 14307 | D:13     | Noticed a fire dragon
 14316 | D:13     | Killed a fire dragon
 14320 | D:13     | Noticed a centaur warrior
 14324 | D:13     | Killed a centaur warrior
 14535 | D:13     | Found a snail-covered altar of Cheibriados.
 14548 | D:13     | Reached skill level 10 in Fighting
 14706 | D:13     | Found a runed translucent door.
 14706 | D:13     | Noticed fomalhaut's ghost (journeyman DrCj)
 14757 | D:13     | Noticed a boulder beetle
 14758 | D:13     | Noticed a boulder beetle
 14761 | D:13     | Noticed a centaur warrior
 14780 | D:13     | Killed a centaur warrior
 14785 | D:13     | HP: 2/103 [boulder beetle (34)]
 14998 | D:13     | Killed a boulder beetle
 14999 | D:13     | Reached XP level 13. HP: 32/110 MP: 13/13
 15681 | D:14     | Found a transporter.
 15682 | D:14     | Noticed Hypnoxylon's ghost (journeyman TrFi)
 15683 | D:14     | Found a transporter.
 16199 | D:14     | Found a runed translucent door.
 16206 | D:14     | Noticed a sphinx
 16235 | D:14     | Identified the +2 robe of Duty {rF+ Dex+7}
 16550 | D:14     | Found a gate to the Vaults.
 17034 | D:14     | Reached skill level 10 in Armour
 17524 | D:15     | Entered Level 15 of the Dungeon
 18108 | D:15     | Noticed an ettin
 18117 | D:15     | Killed an ettin
 18130 | D:15     | Noticed Azrael
 18177 | D:14     | Killed from afar by Azrael

Illustrated notes

Levels and vault maps discovered:
D:1:      denvon_arrival_waterhouse, layout_rooms, serial_shops, shop_statue,
          minmay_misc_feat_roman
D:2:      layout_loops_ring, hellmonk_ecumenical_altar_lost_god,
          serial_bayou_lagoon_a, uniq_sigmund
D:3:      gammafunk_wand_slinger, layout_rooms, general_overflow_altar,
          lemuel_doored_altar
D:4:      minmay_polygon_palace, layout_rooms
D:5:      layout_loops_corners, mainiacjoe_overflow_24_doors,
          nicolae_qazlal_style_of_elements, tgw_sif, grunt_temple_overflow_open,
          gammafunk_ghost_grave, kennysheep_generic_room_5, uniq_edmund,
          uniq_ijyb
D:6:      layout_cave_pods, nicolae_vehumet_altar_sigil,
          minmay_temple_entry_glassed_door, uniq_grinder
D:7:      layout_cave_pods, serial_shops, nicolae_shop_stone
D:8:      layout_basic, lemuel_crystal_altar, lair_entry_dummy
D:9:      minmay_imperfect_grid, layout_basic
D:10:     layout_loops_ring, okawaru_metal_pillars_3,
          chequers_serial_rivers_micro_c, bh_circular_ruins
D:11:     layout_gridville, enter_bailey_3, nicolae_ru_great_annihilating_truth
D:12:     layout_roguey, zombieorc1_lemuel, dk_noncrumbling_3, uniq_gastronok,
          uniq_rupert, uniq_sonja
D:13:     layout_basic, gammafunk_ghost_grave, st_stairs_14,
          ebering_dispersal_statue_hall, chequers_serial_rivers_micro_a,
          kennysheep_slug_shrine
D:14:     layout_layer_cave, grunt_vaults_entry_fortified,
          gammafunk_ghost_mausoleum, minmay_st_funbox, grunt_ministairs_11
D:15:     hangedman_depths_entry_civil_slaughter, layout_basic,
          nicolae_wu_jian_immortal_techniques, uniq_azrael

Skill      XL: |  1  2  3  4  5  6  7  8  9 10 11 12 13 |
---------------+----------------------------------------+-----
Maces & Flails | 5 6 7 9 11 13 14 15 | 15.9
Dodging        | 2 3 4 |  4.6
Fighting       | 4 5 6 7 8 10 11 | 11.4
Armour         | 2 3 4 5 7 8 10 | 10.4
Shields        | 1 |  1.0
Evocations     | 3 5 7 |  7.1
Bows           | |  0.7

Action                   |  1- 3 |  4- 6 |  7- 9 | 10-12 | 13-15 || total
-------------------------+-------+-------+-------+-------+-------++-------
Melee: Mace              |    39 |   144 |   134 |       |       ||   317
       Tailslap          |     3 |    16 |    49 |   120 |    75 ||   263
       Dire flail        |       |       |   187 |   557 |   302 ||  1046
 Fire: Shortbow          |       |       |    10 |       |       ||    10
Invok: Berserk           |     1 |     2 |     7 |    13 |     5 ||    28
       Trog's Hand       |       |     1 |     7 |    17 |     9 ||    34
       Brothers in Arms  |       |       |       |     5 |       ||     5
 Abil: Rolling Charge    |       |     6 |     7 |    13 |     3 ||    29
Evoke: Wand              |       |       |       |     2 |     2 ||     4
  Use: Scroll            |     2 |     3 |    12 |     7 |     4 ||    28
       Potion            |       |       |       |     3 |     2 ||     5
 Stab: Distracted        |       |       |       |     1 |       ||     1
       Paralysed         |       |       |       |     1 |       ||     1
Armor: Animal skin       |    26 |       |       |       |       ||    26
       Scale mail        |       |    98 |    76 |       |       ||   174
       Chain mail        |       |       |   167 |   254 |       ||   421
       Plate armour      |       |       |       |   131 |   217 ||   348
Dodge: Dodged            |    22 |    41 |    95 |   153 |    77 ||   388
       Repelled          |       |       |       |     2 |     1 ||     3
Block: Other             |    15 |    46 |    74 |   133 |    73 ||   341
       Reflection        |       |       |     5 |    16 |     4 ||    25

Table legend: (Time is in decaauts)
 A = Elapsed time spent in this place.
 B = Non-inter-level travel time spent in this place.
 C = Inter-level travel time spent in this place.
 D = Time resting spent in this place.
 E = Time spent auto-exploring this place.
 F = Levels seen in this place.
 G = Mean time per level.
                   A        B        C        D        E       F      G
               +--------+--------+--------+--------+--------+-----+--------+
         Total |  18196 |  15509 |   2687 |      0 |  12669 |  16 | 1137.2 |
       Dungeon |  17872 |  15185 |   2687 |      0 |  12654 |  15 | 1191.5 |
        Bailey |    324 |    324 |      0 |      0 |     15 |   1 |  324.0 |
               +--------+--------+--------+--------+--------+-----+--------+

Top non-repeatable levels by time:
    D:14: 2468 daAuts
    D:13: 1819 daAuts
     D:5: 1500 daAuts
    D:12: 1384 daAuts
     D:9: 1368 daAuts
     D:4: 1249 daAuts
    D:11: 1178 daAuts
     D:7: 1091 daAuts
     D:6: 1085 daAuts
     D:2: 1051 daAuts
    D:10: 1030 daAuts
     D:8: 1020 daAuts
     D:1: 797 daAuts
     D:3: 671 daAuts
  Bailey: 324 daAuts
